 Dungeon Crawl Stone Soup version 0.24.0-1-gfbc8707122 (webtiles) character file.

Game seed: 8491346923181866843, levelgen mode: deterministic

3066 H0rd4k the Slasher (level 10, -5/74 HPs)
             Began as a Human Artificer on Oct 28, 2019.
             Was an Initiate of Gozag.
             Slain by an orc warrior
             ... wielding a +0 hand axe
              (19 damage)
             ... on level 8 of the Dungeon.
             The game lasted 00:20:25 (11882 turns).

H0rd4k the Slasher (Human Artificer)               Turns: 11882, Time: 00:20:26

Health: -5/74      AC:  4    Str: 16      XL:     10   Next: 12%
Magic:  13/13      EV: 14    Int: 11      God:    Gozag
Gold:   310        SH:  0    Dex: 12 (14) Spells: 9/9 levels left

rFire    + . .     SeeInvis .   w - +0 falchion
rCold    + . .     Gourm    .   (no shield)
rNeg     . . .     Faith    .   b - +0 leather armour
rPois    .         Spirit   .   j - +0 helmet
rElec    .         Reflect  .   C - scarf {rC+ rF+}
rCorr    .         Harm     .   (no gloves)
MR       +....                  (no boots)
Stlth    ++........             (no amulet)
HPRegen  0.22/turn              u - ring of protection from magic
MPRegen  0.13/turn              (no ring)

@: drained
A: no striking features
a: Potion Petition, Call Merchant, Bribe Branch, Renounce Religion


You were on level 8 of the Dungeon.
You worshipped Gozag.
Gozag was aware of your devotion.
You were very hungry.

You visited 2 branches of the dungeon, and saw 9 of its levels.

You collected 441 gold pieces.
You paid 131 gold pieces to Gozag.

Inventory:

Hand Weapons
 a - a +0 short sword
 w - a +0 falchion (weapon)
Missiles
 v - 5 boomerangs (quivered)
Armour
 b - a +0 leather armour (worn)
 j - a +0 helmet (worn)
 k - a +0 cloak
 C - a scarf of resistance (worn)
Magical Staves
 E - an uncursed staff of wizardry
Jewellery
 u - a ring of protection from magic (left hand)
 y - a +4 ring of intelligence {unknown}
 A - an uncursed amulet of guardian spirit
 B - a cursed -3 ring of intelligence {unknown}
 G - an uncursed ring of fire {unknown}
 I - an uncursed amulet of harm {unknown}
Wands
 d - a wand of enslavement (3)
 e - a wand of random effects (44)
Scrolls
 h - 7 scrolls of teleportation
 m - 2 scrolls of blinking
 p - 3 scrolls of immolation {unknown}
 s - 2 scrolls of magic mapping
 t - a scroll of remove curse
 x - 3 scrolls of identify
 F - a scroll of acquirement {unknown}
Potions
 g - a potion of degeneration
 i - 3 potions of magic
 n - a potion of agility
 o - 3 potions of curing
 q - 4 potions of flight
 r - 3 potions of brilliance
 z - a potion of cancellation
 D - 5 potions of ambrosia
 H - a potion of mutation
 J - a potion of lignification
Comestibles
 f - 13 rations


   Skills:
 + Level 5.3(4.6) Fighting
 + Level 2.1(4.6) Short Blades
 + Level 7.8(7.1) Long Blades
 + Level 4.6(3.9) Armour
 + Level 6.2(5.5) Dodging
 + Level 4.1(3.4) Stealth
 + Level 4.5(3.8) Evocations


You had 9 spell levels left.
You didn't know any spells.
Your spell library contained the following spells:

 Spells                   Type           Power        Failure   Level  Hunger
 Confusing Touch          Hex            #.....       38%         1    ##.....
 Confuse                  Hex            #.......     77%         3    ####...
 Gell's Gravitas          Tloc           #.........   77%         3    ####...
 Petrify                  Tmut/Erth      #.......     99%         4    #####..
 Metabolic Englaciation   Hex/Ice        #.........   100%        5    ######.
 Yara's Violent Unravell  Hex/Tmut       #.........   100%        5    ######.


Dungeon Overview and Level Annotations

Branches:
Dungeon (8/15)             Temple (1/1) D:6
   Lair: D:8-11

Altars:
Cheibriados
Dithmenos
Elyvilon
Gozag
Hepliaklqana
Nemelex Xobeh
Okawaru
Qazlal
Ru
Sif Muna
Trog
Uskayaw
Wu Jian
Xom
Yredelemnul
The Shining One

Annotations:
D:2 1 runed translucent door, 1 exclusion, Crazy Yiuf
D:4 exclusion: downstairs
D:7 exclusion: 2 downstairs


Message History

You hit the orc warrior but do no damage.
The orc warrior is lightly wounded.
The orc warrior hits you with a +0 hand axe!
You hit the orc warrior.
The orc warrior is moderately wounded.
The orc warrior barely misses you.
You hit the orc warrior but do no damage.
The orc warrior is moderately wounded.
You hit the orc warrior.
The orc warrior is heavily wounded.
The orc warrior barely misses you.
You hit the orc warrior.
The orc warrior is heavily wounded.
The orc warrior hits you with a +0 hand axe!!
* * * LOW HITPOINT WARNING * * *
You hit the orc warrior but do no damage.
The orc warrior is heavily wounded.
The orc warrior hits you with a +0 hand axe!!
You die...
Your body crumbles into a pile of gold.

#.##.## #.##.# #......
.# #.##.#####...... .##
#..o....##...... ##..##
####.....'...... .....#
####<...##...... ....$#
....#...##......#.....##
........##.....o........
###.....# #@#
###.....#.# #.#
........#.######.#####.
###.....................
.................######.
##......####.###.###
....................
##..#.#.###..#.#.###
#....#......#.#.#


You could see an orc warrior.

Vanquished Creatures
  2 hippogriffs
  3 centaurs
  A sky beast (D:5)
  A black bear (D:7)
  A phantom (D:6)
  2 ogres
  2 bullfrogs (D:7)
  4 scorpions
  A water moccasin skeleton (D:6)
  4 killer bees (D:8)
  3 wights (D:7)
  2 quasits
  2 bullfrog zombies
  A crimson imp (D:7)
  5 hounds
  5 orc priests
  A jelly (D:8)
  3 orc wizards
  7 worker ants
  2 hound skeletons (D:6)
  9 gnolls
  9 adders
  2 shadow imps
  3 oozes
  An adder zombie (D:8)
  5 adder skeletons
  A worm (D:3)
  5 leopard geckos
  18 orcs
  4 ball pythons
  5 giant cockroaches
  8 goblins
  3 hobgoblins
  13 jackals
  3 kobolds
  A quokka (D:4)
  8 bats
  8 frilled lizards
  A giant cockroach zombie (D:6)
  6 hobgoblin zombies (D:5)
  A kobold skeleton (D:5)
  An orc skeleton (D:5)
  A quokka zombie (D:5)
  5 rats
173 creatures vanquished.

Vanquished Creatures (collateral kills)
  An orc warrior (D:7)
  An ogre (D:7)
  A scorpion (D:7)
  A gnoll shaman (D:7)
  A worker ant (D:8)
  3 gnolls (D:7)
  3 orcs (D:7)
  A giant cockroach (D:7)
12 creatures vanquished.

Vanquished Creatures (others)
  A hippogriff (D:7)
  A centaur (D:5)
  An ogre (D:5)
  A quasit (D:8)
  An iguana (D:8)
5 creatures vanquished.

Grand Total: 190 creatures vanquished

Notes
Turn   | Place    | Note
-------+----------+-------------------------------------------
     0 | D:1      | H0rd4k the Human Artificer began the quest for the Orb.
     0 | D:1      | Reached XP level 1. HP: 15/15 MP: 3/3
    77 | D:1      | Reached XP level 2. HP: 13/21 MP: 4/4
   655 | D:1      | Reached XP level 3. HP: 16/26 MP: 5/5
  1207 | D:2      | Found a runed translucent door.
  1208 | D:2      | Noticed Crazy Yiuf
  1383 | D:3      | Reached XP level 4. HP: 21/32 MP: 6/6
  1613 | D:3      | Noticed a moth of wrath
  1622 | D:3      | Reached skill level 1 in Armour
  1622 | D:3      | Reached XP level 5. HP: 30/37 MP: 7/7
  1626 | D:3      | Found a bloodstained altar of Trog.
  1677 | D:3      | Reached skill level 1 in Long Blades
  1960 | D:3      | Found an iron altar of Okawaru.
  2465 | D:3      | Found a sacrificial altar of Ru.
  2857 | D:4      | Reached XP level 6. HP: 42/44 MP: 8/8
  2940 | D:4      | Found an ornate altar of the Wu Jian Council.
  3151 | D:4      | Reached skill level 2 in Long Blades
  3225 | D:4      | Noticed an ogre
  3284 | D:4      | HP: 1/46 [ogre/+0 giant spiked club (9)]
  3285 | D:4      | Killed an ogre
  3285 | D:4      | Reached XP level 7. HP: 1/51 MP: 9/9
  4212 | D:5      | Entered Level 5 of the Dungeon
  4227 | D:5      | Found a glowing golden altar of the Shining One.
  4247 | D:5      | Reached skill level 3 in Long Blades
  5404 | D:5      | Found a stormy altar of Qazlal.
  5404 | D:5      | Found a shimmering blue altar of Sif Muna.
  5405 | D:5      | Found a shimmering altar of Xom.
  5587 | D:5      | Reached skill level 4 in Long Blades
  5587 | D:5      | Reached XP level 8. HP: 37/58 MP: 10/10
  5807 | D:6      | Found a staircase to the Ecumenical Temple.
  6014 | D:6      | Found a white marble altar of Elyvilon.
  6890 | Temple   | Entered the Ecumenical Temple
  6957 | D:6      | Reached skill level 5 in Long Blades
  8318 | D:7      | Noticed a hippogriff
  8336 | D:7      | Reached XP level 9. HP: 43/65 MP: 12/12
  8349 | D:6      | Killed a hippogriff
  8349 | D:6      | Reached skill level 6 in Long Blades
  8588 | D:7      | Noticed a hippogriff
  9043 | D:7      | Reached skill level 5 in Dodging
  9767 | D:7      | Reached skill level 7 in Long Blades
  9913 | D:7      | Noticed a hippogriff
  9941 | D:7      | Killed a hippogriff
 10080 | D:7      | Found a hide-covered altar of Uskayaw.
 10696 | D:7      | Reached skill level 5 in Fighting
 11010 | Temple   | Became a worshipper of Gozag Ym Sagoz the Greedy
 11082 | D:7      | Reached XP level 10. HP: 74/74 MP: 13/13
 11882 | D:8      | Slain by an orc warrior

Levels and vault maps discovered:
D:1:      eino_arrival_druids_welcome, layout_basic
D:2:      layout_rooms, first_ration, small_statue_intersection,
          uniq_crazy_yiuf_cottage
D:3:      layout_basic, nicolae_ru_the_path_less_chosen, tgw_trog,
          okawaru_altar_gauntlet_db
D:4:      layout_basic, lemuel_doored_altar
D:5:      layout_basic, gammafunk_temple_overflow_forgotten,
          nicolae_tso_besieged_by_evil
D:6:      layout_cave_pods, minmay_temple_entry_overgrown, basic_altar
D:7:      layout_rooms, kennysheep_mini
D:8:      layout_basic
Temple:   cyrus_circular_temple

Skill      XL: |  1  2  3  4  5  6  7  8  9 10 |
---------------+-------------------------------+-----
Short Blades   | 2 |  2.1
Armour         | 1 2 3 4 |  4.6
Long Blades    | 1 2 4 5 7 |  7.8
Dodging        | 3 4 5 6 |  6.2
Fighting       | 2 3 4 5 |  5.3
Stealth        | 2 3 4 |  4.1
Evocations     | 4 |  4.5

Action                   |  1- 3 |  4- 6 |  7- 9 | 10-12 || total
-------------------------+-------+-------+-------+-------++-------
Melee: Short sword       |   149 |       |       |       ||   149
       Falchion          |     5 |   173 |   560 |   102 ||   840
Evoke: Wand              |       |    11 |    30 |     7 ||    48
  Use: Potion            |       |       |     4 |     3 ||     7
       Scroll            |       |       |    15 |       ||    15
 Stab: Sleeping          |     3 |     2 |     1 |       ||     6
       Paralysed         |       |       |     4 |       ||     4
       Distracted        |       |       |     2 |     2 ||     4
  Eat: Chunk             |     1 |     7 |    17 |       ||    25
       Ration            |       |       |     3 |       ||     3
Armor: Leather armour    |    69 |    41 |   121 |    33 ||   264
Dodge: Dodged            |   132 |   135 |   441 |    96 ||   804
       Rpst.: Falchion   |     3 |    51 |   137 |    18 ||   209
